 Dungeon Crawl Stone Soup version 0.28.0 (webtiles) character file.

Game seed: 3416802460541115303

182 pkoi the Conjurer (level 5, -19/38 HPs)
             Began as a Draconian Conjurer on Feb 15, 2022.
             Demolished by an ogre (27 damage)
             ... on level 3 of the Dungeon.
             The game lasted 00:03:53 (3893 turns).

pkoi the Conjurer (Draconian Conjurer)              Turns: 3893, Time: 00:03:54

Health: -19/38     AC:  7    Str: 10    XL:     5   Next: 34%
Magic:  4/8        EV: 12    Int: 20    God:
Gold:   134        SH:  0    Dex:  9    Spells: 1/8 levels left

rFire   . . .      SeeInvis +   b - +0 whip
rCold   . . .      Faith    .   (no shield)
rNeg    . . .      Spirit   .   (armour unavailable)
rPois   .          Reflect  .   (helmet restricted)
rElec   .          Harm     .   j - +0 cloak
rCorr   .          Rampage  .   (no gloves)
Will    .....                   n - +0 pair of boots
Stlth   ++........              (no amulet)
HPRegen 0.12/turn               e - ring of see invisible
MPRegen 0.11/turn               (no ring)

@: no status effects
A: AC +5, unfitting armour, cold-blooded
a: no special abilities


You were on level 3 of the Dungeon.
You visited 1 branch of the dungeon, and saw 4 of its levels.

You collected 134 gold pieces.

Inventory:

Hand Weapons
 b - a +0 whip (weapon)
 o - a +0 triple sword
Missiles
 c - 6 poisoned darts
Armour
 j - a +0 cloak (worn)
 n - a +0 pair of boots (worn)
Jewellery
 e - a ring of see invisible (left hand)
 i - a +4 ring of slaying
Scrolls
 a - 2 scrolls of teleportation {unknown}
 d - 2 scrolls of noise {unknown}
 f - 2 scrolls of identify {unknown}
 g - 2 scrolls of fog {unknown}
 h - a scroll of enchant weapon {unknown}
 k - a scroll of brand weapon {unknown}
 l - a scroll of magic mapping {unknown}
 m - a scroll of immolation {unknown}


   Skills:
 - Level 1.7 Dodging
 - Level 1.7 Stealth
 + Level 2.0 Spellcasting
 + Level 6.6 Conjurations
 + Level 0.2 Translocations


You had one spell level left.
You knew the following spells:

 Your Spells              Type           Power      Damage    Failure   Level
a - Magic Dart            Conj           100%       1d8       1%          1
b - Searing Ray           Conj           56%        2d6       1%          2
c - Iskenderun's Mystic   Conj/Tloc      15%        2d5       36%         4

Your spell library contained the following spells:

 Spells                   Type           Power      Damage    Failure   Level
 Foxfire                  Conj/Fire      60%        2x1d7     4%          1
 Conjure Flame            Conj/Fire      15%        6-21      12%         3
 Dazzling Flash           Conj/Hex       30%        N/A       12%         3
 Flame Wave               Conj/Fire      15%        2d6       36%         4
 Fulminant Prism          Conj/Hex       7%         3d7       36%         4
 Inner Flame              Hex/Fire       2%         N/A       43%         3
 Conjure Ball Lightning   Conj/Air       7%         3x3d6     99%         6
 Discord                  Hex            1%         N/A       100%        8
 Disjunction              Tloc           1%         N/A       100%        8


Dungeon Overview and Level Annotations

Branches:
Dungeon (4/15)
 Temple: D:4-7

Altars:


Innate Abilities, Weirdness & Mutations

Your plain brown scales are hard. (AC +5)
You cannot fit into any form of body armour.
You are cold-blooded and may be slowed by cold attacks.


Message History

Confirm with . or Enter, or press ? or * to list all spells.
You can't see any susceptible monsters within range! (Use Z to cast anyway.)
A hobgoblin comes into view.
The hobgoblin shouts!
You hear a shout! x2
An ogre comes into view. It is wielding a +0 giant spiked club.
The ogre shouts!
A quokka comes into view.
The quokka moves out of view.
The ogre barely misses you. The quokka barely misses you.
There is a stone staircase leading up here.
The quokka barely misses you. The quokka misses you.
You climb upwards.
There is a stone staircase leading down here.
Unknown command.
The quokka bites you.
Casting: Magic Dart (safe; 1% risk of failure)
Confirm with . or Enter, or press ? or * to list all spells.
Aiming: Searing Ray (safe; 1% risk of failure)
Press: ? - help, Shift-Dir - straight line, f - quokka
Aim: a quokka (71% to hit)
The searing ray hits the ogre.
The ogre is moderately wounded.
The searing ray hits the quokka but does no damage. (Press . to maintain the ray.)
The ogre hits you with a +0 giant spiked club!!
Ouch! That really hurt!
* * * LOW HITPOINT WARNING * * *
The searing ray hits the ogre!
The ogre is heavily wounded.
The searing ray hits the quokka.
You kill the quokka!
The ogre barely misses you.
There are no items here.
Unknown command.
The searing ray hits the ogre!
The ogre is almost dead.
The ogre hits you with a +0 giant spiked club!!
Ouch! That really hurt!
You die...

#....#.######.#......
#..#......)<#.#......
#..#.#.######.#......
#.................... ###
#..#.#........#.##... #.#
#..#.#.########.##...
#.#####.>..................
#.......##O#........####...
#.########@##.......####...
#.# #................. #.#
#.##.......####.#.
###.###########.......######.
#............................
###.###########.(.....#######
#...#..#.......#.############
##..#..#.#####.#.# #.......
#..#..#.#...#.#.# #.......


You could see an ogre.

Vanquished Creatures
  A scorpion (D:4)
  3 gnolls (D:3)
  3 adders
  2 worms
  A dart slug (D:1)
  5 orcs (D:3)
  3 ball pythons
  2 bats (D:1)
  7 endoplasms
  A giant cockroach (D:2)
  4 goblins
  A hobgoblin (D:3)
  3 jackals (D:3)
  5 kobolds
  7 quokkas
  A frilled lizard (D:1)
  2 rats (D:3)
51 creatures vanquished.

Notes
Turn   | Place    | Note
-------+----------+-------------------------------------------
     0 | D:1      | pkoi the Draconian Conjurer began the quest for the Orb.
     0 | D:1      | Reached XP level 1. HP: 14/14 MP: 3/3
   480 | D:1      | Found a faded altar of an unknown god.
   574 | D:1      | Reached XP level 2. HP: 18/20 MP: 0/5
  1623 | D:2      | Reached skill level 5 in Conjurations
  1623 | D:2      | Reached XP level 3. HP: 17/26 MP: 1/6
  2323 | D:3      | Learned a level 2 spell: Searing Ray
  2909 | D:3      | Reached XP level 4. HP: 33/33 MP: 2/7
  3111 | D:3      | Reached skill level 6 in Conjurations
  3594 | D:4      | Noticed a scorpion
  3599 | D:4      | Killed a scorpion
  3600 | D:4      | Reached XP level 5. HP: 38/38 MP: 1/8
  3764 | D:3      | Learned a level 4 spell: Iskenderun's Mystic Blast
  3862 | D:4      | Noticed an ogre
  3874 | D:4      | Noticed an ogre
  3893 | D:3      | Demolished by an ogre

Illustrated notes

Levels and vault maps discovered:
D:1:      tarquinn_simple_flora_water_f, layout_rooms, basic_ecumenical_altar
D:2:      layout_rooms
D:3:      layout_basic
D:4:      layout_cave_pools, general_overflow_altar,
          ashenzari_conservatory_becter

Skill      XL: |  1  2  3  4 |
---------------+-------------+-----
Conjurations   | 5 6 |  6.6
Dodging        | |  1.7
Stealth        | |  1.7
Spellcasting   | |  2.0
Translocations | |  0.2

Action                   |  1- 3 |  4- 6 || total
-------------------------+-------+-------++-------
Melee: Unarmed           |     3 |       ||     3
       Whip              |    24 |    11 ||    35
       Tailslap          |     3 |     1 ||     4
 Cast: Magic Dart        |   102 |    11 ||   113
       Searing Ray       |       |     3 ||     3
Armor: Skin              |     7 |     2 ||     9
Dodge: Dodged            |    15 |    16 ||    31
